 Dungeon Crawl Stone Soup version 0.21.1-1-g345015f (webtiles) character file.

238 tidbits the Charmwright (level 6, -2/47 HPs)
             Began as a Gnoll Wanderer on June 24, 2018.
             Slain by a two-headed ogre
             ... wielding a +0 giant club
              (18 damage)
             ... on level 6 of the Dungeon.
             The game lasted 00:12:48 (1028 turns).

tidbits the Charmwright (Gnoll Wanderer)            Turns: 1028, Time: 00:12:49

Health: -2/47      AC:  6    Str: 13    XL:     6   Next: 7%
Magic:  5/10       EV: 13    Int: 19    God:
Gold:   101        SH:  0    Dex: 16    Spells: 0/11 levels left

rFire    . . .     SeeInvis .   k - +0 rapier
rCold    . . .     Gourm    .   (no shield)
rNeg     . . .     Faith    .   B - +0 robe
rPois    .         Spirit   .   E - +0 helmet
rElec    .         Reflect  .   C - +0 cloak
rCorr    .         Harm     .   G - +0 pair of gloves
MR       .....                  F - +0 pair of boots
Stlth    +++.......             (no amulet)
HPRegen  0.15/turn              r - +3 ring of dexterity
MPRegen  0.12/turn              (no ring)

@: no status effects
A: distributed training, fangs 1, strong nose
a: no special abilities


You were on level 6 of the Dungeon.
You were not hungry.

You visited 1 branch of the dungeon, and saw 6 of its levels.

You collected 101 gold pieces.

Inventory:

Hand Weapons
 a - a +0 dagger
 k - a +0 rapier (weapon)
 s - a +0 war axe
Missiles
 j - 40 stones (quivered)
 l - 17 arrows
Armour
 d - a cursed +0 leather armour
 t - a +0 ring mail
 x - a +0 shield
 B - a +0 robe (worn)
 C - a +0 cloak (worn)
 E - a +0 helmet (worn)
 F - a +0 pair of boots (worn)
 G - a +0 pair of gloves (worn)
Jewellery
 r - a +3 ring of dexterity (left hand)
   (You found it on level 3 of the Dungeon)
Wands
 p - a wand of random effects (13)
Scrolls
 f - a scroll of teleportation
 g - a scroll of fog {unknown}
 i - a scroll of amnesia {unknown}
 m - a scroll of vulnerability {unknown}
 q - a scroll of enchant weapon {unknown}
 u - 3 scrolls of identify
 v - 2 scrolls of random uselessness {unknown}
Potions
 h - a potion of curing
 n - a potion of degeneration {unknown}
 o - a potion of haste {unknown}
Books
 b - Vehumet's Reference Book on Combat Magic

   Spells                             Type                      Level
   a - Flame Tongue                   Conjuration/Fire             1
   b - Dazzling Spray                 Conjuration/Hexes            3
 e - a book of Battle

   Spells                             Type                      Level
   a - Infusion                       Charms                       1
   b - Shroud of Golubria             Charms/Translocation         2
   c - Song of Slaying                Charms                       2
   d - Spectral Weapon                Hexes/Charms                 3
   e - Regeneration                   Charms/Necromancy            3
Comestibles
 c - 3 rations


   Skills:
 + Level 3.1 Fighting
 + Level 1.7 Short Blades
 + Level 1.7 Long Blades
 + Level 1.7 Axes
 + Level 1.7 Maces & Flails
 + Level 1.7 Polearms
 + Level 1.7 Staves
 + Level 1.7 Slings
 + Level 1.7 Bows
 + Level 1.7 Crossbows
 + Level 3.1 Throwing
 + Level 1.7 Armour
 + Level 3.1 Dodging
 + Level 4.5 Stealth
 + Level 1.7 Shields
 + Level 1.7 Unarmed Combat
 + Level 3.3 Spellcasting
 + Level 1.3 Conjurations
 + Level 1.3 Hexes
 + Level 7.2 Charms
 + Level 1.3 Summonings
 + Level 1.3 Necromancy
 + Level 1.3 Translocations
 + Level 1.3 Transmutations
 + Level 1.3 Fire Magic
 + Level 1.3 Ice Magic
 + Level 1.3 Air Magic
 + Level 1.3 Earth Magic
 + Level 1.3 Poison Magic
 + Level 2.0 Invocations
 + Level 1.7 Evocations


You couldn't memorise any spells.
You knew the following spells:

 Your Spells              Type           Power        Failure   Level  Hunger
g - Shroud of Golubria    Chrm/Tloc      ###.......   3%          2    ##.....
i - Infusion              Chrm           ####         1%          1    None
r - Regeneration          Chrm/Necr      ###.......   8%          3    ###....
w - Spectral Weapon       Hex/Chrm       ###.....     8%          3    ###....
y - Song of Slaying       Chrm           ####....     1%          2    ##.....


Dungeon Overview and Level Annotations

Branches:
Dungeon (6/15)
 Temple: D:4-7

Altars:
Ashenzari
Makhleb
Xom

Annotations:
D:2 Terence
D:5 Dowan


Innate Abilities, Weirdness & Mutations

Your experience applies equally to all skills.
You have very sharp teeth.
Your uncanny sense of smell can sniff out nearby items.


Message History

You feel aware of your surroundings.
Unknown command.
Unknown command.
You climb downwards.
Level annotation: Dowan
There is a stone staircase leading up here.
Unknown command.
Unknown command.
There is an open door here.
There is a stone staircase leading down here.
You climb downwards.
A giant cockroach and a wight come into view.
There is a stone staircase leading up here.
An adder skeleton comes into view.
As you read the scroll of magic mapping, it crumbles to dust.
You feel aware of your surroundings.
Unknown command.
An orc comes into view. It is wielding a club.
The orc shouts!
The giant cockroach bites you but does no damage.
Casting: Spectral Weapon
Confirm with . or Enter, or press ? or * to list all spells.
Space distorts slightly along a thin shroud covering your body.
Your shroud bends the giant cockroach's attack away.
A two-headed ogre comes into view.
It is wielding a giant club and a giant spiked club.
The giant cockroach closely misses you.
Found a flail.
You are feeling very hungry.
Casting: Shroud of Golubria
Confirm with . or Enter, or press ? or * to list all spells.
You draw out your weapon's spirit!
The giant cockroach closely misses you.
The giant cockroach bites you but does no damage.
The adder skeleton bites your spectral weapon.
Your spectral weapon shares its damage with you!
You hit the giant cockroach.
The giant cockroach is heavily wounded.
Your spectral weapon hits the giant cockroach.
You kill the giant cockroach!
You hit the adder skeleton.
The adder skeleton is moderately damaged.
Your spectral weapon completely misses the adder skeleton.
The adder skeleton misses you.
You hit the adder skeleton.
The adder skeleton is severely damaged.
Your spectral weapon hits the adder skeleton!
You destroy the adder skeleton!
Your Invocations skill increases to level 2!
You barely miss the orc.
Your spectral weapon barely misses the orc.
The orc closely misses you.
You hit the orc.
You kill the orc!
Things that are here:
a club; an orc corpse You butcher the orc corpse.
Things that are here:
a club; a chunk of flesh Eat a chunk of flesh? (ye/n/q)
You eat the chunk of flesh.
This raw flesh tastes terrible.
Wield which item (- for none, * to show all)? (? for menu, Esc to quit)
Your spectral weapon disappears as you unwield.
a - a +0 dagger (weapon)
The two-headed ogre shouts in stereo!
Wield which item (- for none, * to show all)? (? for menu, Esc to quit)
k - a +0 rapier (weapon)
Casting: Spectral Weapon
Confirm with . or Enter, or press ? or * to list all spells.
You draw out your weapon's spirit!
You hit the two-headed ogre. You punch the two-headed ogre.
The two-headed ogre is lightly wounded.
Your spectral weapon hits the two-headed ogre but does no damage.
The two-headed ogre barely misses you. The two-headed ogre misses you.
You hit the two-headed ogre but do no damage.
The two-headed ogre is lightly wounded.
Your spectral weapon hits the two-headed ogre!
You hit the two-headed ogre. You bite the two-headed ogre.
The two-headed ogre is heavily wounded.
Your spectral weapon hits the two-headed ogre!
The two-headed ogre hits you with a giant club!!
Ouch! That really hurt!
* * * LOW HITPOINT WARNING * * *
Your shroud bends the two-headed ogre's attack away.
You hit the two-headed ogre.
The two-headed ogre is heavily wounded.
Your shroud begins to fray at the edges.
Your spectral weapon hits the two-headed ogre!
The two-headed ogre barely misses your spectral weapon.
The two-headed ogre hits your spectral weapon with a giant spiked club!
Your spectral weapon shares its damage with you!
* * * LOW HITPOINT WARNING * * *
You hit the two-headed ogre but do no damage.
The two-headed ogre is severely wounded.
Your spectral weapon hits the two-headed ogre!
The two-headed ogre closely misses you. The two-headed ogre barely misses you.
You hit the two-headed ogre.
The two-headed ogre is almost dead.
Your spectral weapon completely misses the two-headed ogre.
Your shroud bends the two-headed ogre's attack away!!
The two-headed ogre hits you with a giant spiked club!!
You die...

,,,,,,,,,,,,,,,,>*
*,,,........#**#.#
*,,.........# #.#
*,..........# #.#
*...........# #.#
,........o..# #.#
*...........# #)#
,...........####O#
*...#..........(@####
*.................).#
,...............##.##
*,..##..<..........#
,...............####
,...............#
,...............#
,z..............#
................#


You could see a two-headed ogre and a friendly spectral rapier.

Vanquished Creatures
  An ice beast (D:5)
  An ogre (D:5)
  3 adders
  An adder skeleton (D:6)
  The ghost of tidbits the Grave Robber, a weakling GnNe (D:4)
  A leopard gecko (D:5)
  2 orcs
  4 giant cockroaches
  A goblin (D:2)
  4 jackals (D:2)
  3 bats
  3 frilled lizards (D:2)
  A kobold (D:3)
  2 rats (D:2)
28 creatures vanquished.

Notes
Turn   | Place    | Note
-------+----------+-------------------------------------------
     0 | D:1      | tidbits the Gnoll Wanderer began the quest for the Orb.
     0 | D:1      | tidbits set off with: a book of Battle, Vehumet's Reference Book on Combat Magic, a scroll of teleportation, a +0 robe, a +0 dagger, a ration
     0 | D:1      | Reached XP level 1. HP: 17/17 MP: 4/4
     0 | D:1      | Identified Vehumet's Reference Book on Combat Magic
     2 | D:1      | Learned a level 1 spell: Infusion
   101 | D:2      | Noticed Terence
   153 | D:2      | Reached XP level 2. HP: 3/23 MP: 0/5
   157 | D:2      | Learned a level 2 spell: Song of Slaying
   160 | D:2      | Learned a level 2 spell: Shroud of Golubria
   279 | D:2      | Found a shattered altar of Ashenzari.
   279 | D:2      | Found a burning altar of Makhleb.
   350 | D:2      | Reached XP level 3. HP: 21/28 MP: 1/7
   540 | D:3      | Found a shimmering altar of Xom.
   575 | D:4      | Reached skill level 1 in Invocations
   657 | D:4      | Noticed tidbits's ghost (weakling GnNe)
   682 | D:4      | Killed tidbits's ghost
   740 | D:5      | Entered Level 5 of the Dungeon
   740 | D:5      | Noticed an ogre
   804 | D:5      | Noticed an ice beast
   815 | D:5      | Killed an ice beast
   815 | D:5      | Reached skill level 1 in Short Blades
   815 | D:5      | Reached skill level 1 in Long Blades
   815 | D:5      | Reached skill level 1 in Axes
   815 | D:5      | Reached skill level 1 in Maces & Flails
   815 | D:5      | Reached skill level 1 in Polearms
   815 | D:5      | Reached skill level 1 in Staves
   815 | D:5      | Reached skill level 1 in Slings
   815 | D:5      | Reached skill level 1 in Bows
   815 | D:5      | Reached skill level 1 in Crossbows
   815 | D:5      | Reached skill level 1 in Armour
   815 | D:5      | Reached skill level 1 in Shields
   815 | D:5      | Reached skill level 1 in Unarmed Combat
   815 | D:5      | Reached skill level 3 in Spellcasting
   815 | D:5      | Reached skill level 1 in Conjurations
   815 | D:5      | Reached skill level 1 in Hexes
   815 | D:5      | Reached skill level 1 in Summonings
   815 | D:5      | Reached skill level 1 in Necromancy
   815 | D:5      | Reached skill level 1 in Translocations
   815 | D:5      | Reached skill level 1 in Transmutations
   815 | D:5      | Reached skill level 1 in Fire Magic
   815 | D:5      | Reached skill level 1 in Ice Magic
   815 | D:5      | Reached skill level 1 in Air Magic
   815 | D:5      | Reached skill level 1 in Earth Magic
   815 | D:5      | Reached skill level 1 in Poison Magic
   815 | D:5      | Reached skill level 1 in Evocations
   815 | D:5      | Reached XP level 4. HP: 34/34 MP: 5/8
   815 | D:5      | Reached XP level 5. HP: 40/40 MP: 5/9
   820 | D:5      | Learned a level 3 spell: Regeneration
   896 | D:5      | Killed an ogre
   896 | D:5      | Reached skill level 3 in Fighting
   896 | D:5      | Reached skill level 3 in Throwing
   896 | D:5      | Reached skill level 3 in Dodging
   896 | D:5      | Reached XP level 6. HP: 39/47 MP: 0/10
   901 | D:5      | Learned a level 3 spell: Spectral Weapon
   951 | D:5      | Noticed Dowan
  1003 | D:6      | Noticed a two-headed ogre
  1011 | D:6      | Reached skill level 2 in Invocations
  1028 | D:6      | Slain by a two-headed ogre

Skill      XL: |  1  2  3  4  5  6 |
---------------+-------------------+-----
Invocations    | 1 2 |  2.0
Short Blades   | 1 |  1.7
Long Blades    | 1 |  1.7
Axes           | 1 |  1.7
Maces & Flails | 1 |  1.7
Polearms       | 1 |  1.7
Staves         | 1 |  1.7
Slings         | 1 |  1.7
Bows           | 1 |  1.7
Crossbows      | 1 |  1.7
Armour         | 1 |  1.7
Shields        | 1 |  1.7
Unarmed Combat | 1 |  1.7
Spellcasting   | 3 |  3.3
Conjurations   | 1 |  1.3
Hexes          | 1 |  1.3
Summonings     | 1 |  1.3
Necromancy     | 1 |  1.3
Translocations | 1 |  1.3
Transmutations | 1 |  1.3
Fire Magic     | 1 |  1.3
Ice Magic      | 1 |  1.3
Air Magic      | 1 |  1.3
Earth Magic    | 1 |  1.3
Poison Magic   | 1 |  1.3
Evocations     | 1 |  1.7
Fighting       | 3 |  3.1
Throwing       | 3 |  3.1
Dodging        | 3 |  3.1
Stealth        | |  4.5
Charms         | |  7.2

Action                   |  1- 3 |  4- 6 || total
-------------------------+-------+-------++-------
Melee: Dagger            |    46 |       ||    46
       Bite              |     6 |     1 ||     7
       Rapier            |    38 |    17 ||    55
       Punch             |       |     1 ||     1
 Cast: Infusion          |     8 |     1 ||     9
       Shroud of Golubri |     6 |     2 ||     8
       Regeneration      |       |     1 ||     1
       Spectral Weapon   |       |     3 ||     3
Evoke: Wand              |     5 |       ||     5
  Use: Potion            |     2 |       ||     2
       Scroll            |       |     4 ||     4
 Stab: Sleeping          |     7 |       ||     7
  Eat: Chunk             |       |     1 ||     1
Armor: Robe              |    12 |     2 ||    14
Dodge: Dodged            |    61 |    11 ||    72

Table legend:
 A = Turns spent in this place as a percentage of turns spent in the entire game.
 B = Non-inter-level travel turns spent in this place as a percentage of non-inter-level travel turns spent in the entire game.
 C = Inter-level travel turns spent in this place as a percentage of turns spent in this place.
 D = Turns resting spent in this place as a percentage of non-inter-level travel turns spent in this place.
 E = Turns spent auto-exploring this place as a percentage of non-inter-level travel turns spent in this place.
 F = Non-inter-level travel turns spent in this place divided by the number of levels of this place that you've seen.
                   A       B       C       D       E      F
               +-------+-------+-------+-------+-------+----------------------
         Total | 100.0 | 100.0 |   1.8 |   0.0 |   0.0 | 168.3
       Dungeon | 100.0 | 100.0 |   1.8 |   0.0 |   0.0 | 168.3
               +-------+-------+-------+-------+-------+----------------------

Table legend:
 A = Kills in this place as a percentage of kills in entire the game.
 B = Kills by you in this place as a percentage of kills by you in the entire game.
 C = Kills by friends in this place as a percentage of kills by friends in the entire game.
 D = Other kills in this place as a percentage of other kills in the entire game.
 E = Experience gained in this place as a percentage of experience gained in the entire game.
 F = Experience gained in this place divided by the number of levels of this place that you have seen.
                   A       B       C       D       E      F
               +-------+-------+-------+-------+-------+----------------------
         Total | 100.0 | 100.0 |   N/A |   N/A | 100.0 |  56.8
       Dungeon | 100.0 | 100.0 |   N/A |   N/A | 100.0 |  56.8
               +-------+-------+-------+-------+-------+----------------------

Vault maps used:
D:1:      dpeg_arrival_windows_large_door, minmay_tromino_mix6
D:2:      gammafunk_temple_overflow_wave, minivault_14, uniq_jessica,
          uniq_terence
D:3:      overflow_temple_1_default, first_ration, kennysheep_small_spiral,
          amethyst_killhole
D:4:      feat_on_display
D:5:      uniq_ijyb, uniq_duvessa
